Map: Eternal Empire LE

Players

Stats - Winner!

  • Race: Protoss Protoss
  • Spawn Location: 7:00

Scarlett

  • Race: Zerg Zerg
  • Spawn Location: 1:00

Event: NationWars 2019

VOD

Have the link to the VOD?

Description

Time

  • Played on: Dec. 1, 2019, 2:03 p.m.
  • Length: 15:26
Show
View Real Time Build Order
Export as new Build Order

Stats Protoss - Winner!

Build Orders: 1 Gate Expand, Oracle Opening, Phoenix Opening, Archon Immortal 

Get SALT Encoding   

  12  0:00  Probe  
  13  0:13  Pylon  
  13  0:17  Probe (Chrono Boost)  
  14  0:27  Probe (Chrono Boost)  
  15  0:32  Probe (Chrono Boost)  
  16  0:40  Gateway  
  16  0:43  Probe  
  16  0:49  Assimilator  
  17  0:55  Probe  
  18  1:08  Probe  
  19  1:20  Probe  
  20  1:27  Nexus  
  20  1:36  Cybernetics Core  
  20  1:38  Probe  
  21  1:45  Assimilator  
  21  1:50  Probe  
  22  1:55  Pylon  
  22  2:03  Probe  
  23  2:10  Adept (Chrono Boost)  
  23  2:15  Probe  
  26  2:20  Stargate  
  26  2:27  Probe  
  27  2:30  Warp Gate  
  27  2:34  Adept  
  29  2:39  Probe (Chrono Boost)  
  29  2:40  Probe (Chrono Boost)  
  31  2:48  Probe x2 (Chrono Boost)  
  33  2:53  Probe (Chrono Boost)  
  33  2:54  Probe  
  35  3:03  Phoenix (Chrono Boost)  
  35  3:05  Probe  
  38  3:06  Probe  
  38  3:10  Pylon  
  39  3:17  Probe  
  39  3:18  Probe  
  41  3:24  Oracle (Chrono Boost)  
  41  3:25  Gateway  
  44  3:29  Probe  
  44  3:30  Probe  
  44  3:33  Assimilator  
  46  3:38  Assimilator  
  46  3:41  Probe  
  46  3:42  Probe  
  46  3:45  Pylon  
  48  3:51  Oracle (Chrono Boost)  
  48  3:54  Probe x2  
  53  4:06  Probe  
  53  4:07  Probe, Robotics Facility  
  55  4:10  Pylon  
  55  4:18  Adept  
  55  4:19  Adept  
  55  4:21  Probe x2  
  61  4:34  Nexus  
  61  4:38  Adept  
  61  4:39  Adept  
  61  4:43  Pylon  
  61  4:44  Pylon  
  61  4:45  Probe x2  
  67  4:55  Observer  
  68  5:02  Sentry x2  
  68  5:04  Probe, Forge  
  68  5:05  Probe  
  68  5:07  Twilight Council  
  72  5:25  Immortal  
  72  5:26  Sentry x2  
  80  5:28  Protoss Ground Weapons Level 1  
  80  5:30  Probe x2  
  80  5:42  Probe x2  
  82  5:43  Charge  
  82  5:47  Gateway  
  82  5:49  Gateway  
  82  5:50  Gateway  
  82  5:51  Probe  
  82  5:52  Gateway  
  82  5:54  Probe x2  
  85  6:02  Immortal (Chrono Boost), Shield Battery  
  85  6:03  Probe  
  86  6:06  Probe x2  
  86  6:11  Templar Archives  
  92  6:15  Probe  
  94  6:18  Probe  
  94  6:19  Probe  
  94  6:23  Assimilator  
  94  6:24  Assimilator, Pylon  
  95  6:25  Gateway  
  95  6:27  Gateway  
  95  6:32  Immortal (Chrono Boost)  
  95  6:37  Pylon  
  99  6:40  Probe x2, Pylon  
  99  6:42  Probe  
  102  6:47  Photon Cannon  
  102  6:52  Probe  
  102  6:53  Probe  
  102  6:54  Probe, High Templar x2  
  109  7:02  High Templar x2  
  109  7:03  Zealot x2  
  109  7:04  Warp Prism (Chrono Boost)  
  109  7:07  Archon x2  
  119  7:15  Pylon  
  119  7:16  Pylon  
  119  7:17  Pylon  
  119  7:18  Pylon  
  116  7:37  Zealot x3, High Templar x2  
  116  7:38  Zealot x3  
  116  7:43  Archon  
  122  7:51  Probe  
  122  7:52  Probe x2  
  122  8:04  Probe x3, High Templar x4  
  122  8:05  Zealot x2  
  128  8:20  Zealot x2  
  128  8:24  Immortal  
  128  8:26  Probe x3  
  135  8:38  Probe x3, High Templar x2  
  135  8:39  Zealot x4  
  142  8:43  Archon  
  138  8:49  Zealot x2  
  122  9:02  Zealot x6  
  124  9:03  Probe x3  
  124  9:06  Immortal  
  121  9:19  Probe x3  
  121  9:22  Observer, Void Ray  
  120  9:30  Zealot x8  
  108  9:50  High Templar x4  
  108  9:51  Zealot x3  
  118  10:00  Archon  
  118  10:01  Archon  
  118  10:13  Observer (Chrono Boost)  
  119  10:15  Protoss Ground Weapons Level 2 (Chrono Boost)  
  119  10:20  Zealot x2, High Templar x2  
  127  10:24  Pylon  
  127  10:26  Pylon, Blink  
  127  10:27  Zealot x4, Archon  
  127  10:28  Pylon  
  135  10:31  Nexus, Immortal (Chrono Boost)  
  135  10:33  Pylon  
  137  10:45  Robotics Facility  
  137  11:05  Immortal (Chrono Boost)  
  137  11:09  Zealot x8  
  151  11:41  Immortal (Chrono Boost)  
  151  11:44  Immortal (Chrono Boost)  
  151  11:45  Psionic Storm  
  159  11:51  Probe  
  159  11:52  Probe x2  
  159  11:53  Probe  
  163  11:56  High Templar x4  
  163  11:58  Zealot x4  
  163  12:01  Archon x2  
  170  12:19  Probe x4, Unknown  
  170  12:20  High Templar x4  
  180  12:25  Immortal (Chrono Boost)  
  184  12:34  Immortal (Chrono Boost)  
  184  12:42  Zealot x4  
  179  12:58  Stalker  
  179  12:59  Stalker x3  
  159  13:07  Stalker x4  
  159  13:11  Immortal  
  159  13:12  Immortal  
  156  13:33  Stalker  
  156  13:34  Stalker x7  
  172  13:58  Nexus, Stalker x5  
  172  13:59  Pylon, Zealot x3  
  175  14:23  Stalker x5  
  175  14:24  Stalker  
  181  14:30  Stalker  
  181  14:40  Pylon  
  159  15:16  Stalker x6  
  159  15:17  Stalker x2  
  159  15:19  Archon  
Show
View Real Time Build Order
Export as new Build Order

Scarlett Zerg 

Build Orders: Hatch First, Swarm Host 

Get SALT Encoding   

  12  0:00  Drone  
  13  0:12  Overlord  
  13  0:17  Drone  
  14  0:30  Drone  
  14  0:31  Drone  
  16  0:47  Hatchery  
  15  0:50  Drone  
  15  0:55  Drone  
  17  0:58  Drone  
  18  1:09  Extractor  
  17  1:14  Spawning Pool  
  17  1:17  Drone  
  17  1:21  Drone  
  18  1:28  Drone  
  19  1:39  Drone  
  20  1:49  Drone  
  21  2:01  Queen x2, Overlord  
  21  2:02  Zergling x2  
  26  2:10  Metabolic Boost  
  26  2:13  Drone  
  27  2:18  Drone  
  30  2:22  Drone x2  
  30  2:35  Hatchery  
  29  2:38  Drone  
  29  2:40  Drone  
  31  2:45  Zergling x2  
  31  2:47  Overlord  
  32  2:53  Drone  
  32  2:54  Drone  
  32  2:57  Queen  
  36  3:08  Drone x4  
  36  3:12  Drone x2  
  42  3:14  Overlord  
  42  3:16  Drone x2  
  44  3:24  Overlord  
  44  3:29  Overlord  
  44  3:33  Queen  
  46  3:36  Drone  
  46  3:39  Drone  
  48  3:42  Drone x2  
  48  3:45  Drone x2  
  48  3:47  Spore Crawler  
  51  3:51  Drone x2  
  51  3:52  Spore Crawler  
  52  3:58  Drone x2  
  52  4:00  Spore Crawler  
  52  4:02  Queen  
  55  4:05  Drone x3  
  58  4:12  Queen  
  58  4:16  Drone x5  
  65  4:20  Overlord  
  65  4:21  Overlord  
  65  4:26  Overlord  
  65  4:33  Lair  
  65  4:37  Overlord x2  
  64  4:41  Zergling x10, Extractor  
  64  4:42  Extractor  
  67  4:48  Roach Warren  
  67  4:49  Evolution Chamber, Extractor  
  64  4:55  Zergling x2, Drone  
  64  4:56  Drone x5  
  68  5:00  Drone x3  
  68  5:04  Overlord  
  68  5:06  Zergling x2  
  72  5:13  Zergling x6  
  70  5:18  Drone x5  
  73  5:22  Drone  
  73  5:23  Drone x2  
  75  5:31  Drone x2  
  75  5:32  Drone x4  
  79  5:39  Drone  
  81  5:42  Drone  
  81  5:43  Zerg Missile Weapons Level 1, Glial Reconstitution, Drone  
  81  5:47  Extractor x2  
  81  5:48  Drone  
  81  5:51  Infestation Pit  
  81  5:53  Overlord, Drone  
  81  6:01  Overlord  
  81  6:03  Drone x2  
  83  6:06  Drone x2  
  83  6:08  Hatchery  
  83  6:10  Roach  
  83  6:11  Roach  
  88  6:13  Roach x3  
  92  6:20  Drone x2  
  92  6:21  Drone x2  
  92  6:25  Drone  
  97  6:29  Overseer  
  97  6:35  Nydus Network, Swarm Host  
  97  6:36  Swarm Host x3  
  108  6:44  Queen  
  108  6:45  Swarm Host x2  
  116  6:51  Swarm Host  
  116  6:52  Swarm Host  
  116  6:53  Overlord  
  122  6:54  Overlord  
  122  6:55  Overlord  
  122  6:56  Overlord  
  122  7:00  Drone  
  122  7:01  Drone x2  
  121  7:02  Drone  
  121  7:03  Overlord  
  121  7:04  Swarm Host x2  
  128  7:11  Overlord x2  
  128  7:13  Swarm Host x2  
  134  7:19  Nydus Canal  
  134  7:25  Swarm Host  
  134  7:26  Swarm Host  
  134  7:29  Drone x8  
  144  7:35  Roach x2  
  144  7:36  Nydus Canal  
  140  7:44  Roach  
  140  7:45  Roach x4  
  147  7:52  Zerg Missile Weapons Level 2  
  147  7:53  Zergling x10  
  151  8:00  Roach x4  
  151  8:05  Roach x3  
  164  8:10  Roach x3  
  165  8:14  Overlord  
  165  8:16  Roach x2  
  165  8:17  Roach  
  165  8:19  Ravager  
  172  8:21  Roach x2  
  172  8:23  Roach  
  178  8:27  Roach  
  178  8:28  Roach  
  178  8:33  Roach x5  
  179  8:37  Roach  
  164  8:44  Roach x5  
  155  8:54  Roach x6  
  165  9:02  Roach x3  
  157  9:06  Roach  
  157  9:08  Roach x2  
  149  9:10  Roach x2  
  149  9:11  Roach  
  149  9:12  Roach  
  149  9:16  Roach  
  146  9:20  Roach  
  146  9:21  Roach x3  
  141  9:25  Nydus Canal  
  129  9:34  Roach x4  
  124  9:50  Drone x7  
  124  10:06  Hatchery  
  123  10:08  Overseer  
  123  10:10  Drone x6  
  129  10:15  Overseer  
  129  10:19  Queen  
  131  10:30  Extractor  
  131  10:31  Extractor, Drone x3  
  131  10:32  Drone x3  
  131  10:35  Nydus Canal  
  135  10:37  Swarm Host x2  
  135  10:41  Zergling x2  
  142  10:44  Overseer  
  142  10:47  Swarm Host x3  
  148  11:04  Queen  
  152  11:11  Roach x8  
  164  11:18  Overseer  
  164  11:24  Nydus Canal  
  164  11:30  Roach x6  
  176  11:33  Overlord x3  
  175  11:40  Nydus Canal  
  175  11:51  Hive  
  175  11:52  Zerg Melee Weapons Level 1, Spire  
  174  11:56  Ravager x3  
  167  12:11  Nydus Canal  
  153  12:27  Nydus Canal  
  153  12:29  Roach x11  
  187  12:30  Roach x6  
  187  12:33  Zergling x20  
  193  12:45  Roach x3  
  193  12:48  Ravager  
  193  12:50  Nydus Canal  
  198  13:03  Roach x7  
  189  13:09  Roach x5  
  181  13:17  Roach x3, Ravager  
  181  13:18  Ravager x3  
  159  13:42  Roach  
  159  13:43  Roach x6  
  159  13:47  Hatchery  
  172  13:49  Ravager x3, Overlord x2  
  172  13:50  Ravager  
  176  14:06  Roach  
  176  14:07  Roach  
  165  14:14  Roach x4  
  158  14:22  Roach x3  
  158  14:23  Ravager x2  
  142  14:33  Ravager x3  
  142  14:34  Ravager, Zergling x6  
  149  14:39  Roach x3  
  149  14:45  Hatchery  
  150  14:50  Roach x3  
  152  14:54  Roach  
  152  14:55  Roach  
  154  15:02  Roach  
  154  15:03  Roach x6  
  160  15:13  Nydus Network  
Tags
 
Add a new tag
Caveats
  • Supply blocks, unpowered buildings, or Contaminate may cause inaccurate times.
  • Supply counts are checked every 10 seconds.